 Dungeon Crawl Stone Soup version 0.28-a0-1080-g05a166d0ed (webtiles) character file.

Game seed: 5674659928103670253

68 yoda5477 the Shield-Bearer (level 4, 35/35 HPs)
             Began as a Demonspawn Fighter on Dec 9, 2021.
             Quit the game on level 2 of the Dungeon.
             The game lasted 00:03:37 (1849 turns).

yoda5477 the Shield-Bearer (Demonspawn Fighter)     Turns: 1849, Time: 00:03:38

Health: 35/35      AC:  7    Str: 18    XL:     4   Next: 1%
Magic:  4/4        EV:  9    Int:  9    God:
Gold:   88         SH:  4    Dex: 13    Spells: 3/3 levels left

rFire   . . .      SeeInvis .   a - +0 war axe
rCold   . . .      Faith    .   c - +0 buckler
rNeg    . . .      Spirit   .   b - +0 scale mail
rPois   .          Reflect  .   (no helmet)
rElec   .          Harm     .   g - +0 cloak
rCorr   .          Rampage  .   (no gloves)
Will    .....                   (no boots)
Stlth   ..........              (no amulet)
HPRegen 0.11/turn               (no ring)
MPRegen 0.09/turn               (no ring)

@: no status effects
A: demonic guardian 2, demonic touch 1
a: no special abilities


You were on level 2 of the Dungeon.
You visited 1 branch of the dungeon, and saw 3 of its levels.

You collected 88 gold pieces.

Inventory:

Hand Weapons
 a - a +0 war axe (weapon)
 j - a +0 hunting sling
Missiles
 i - 49 stones (quivered)
Armour
 b - a +0 scale mail (worn)
 c - a +0 buckler (worn)
 g - a +0 cloak (worn)
Scrolls
 f - a scroll of acquirement {unknown}
 h - a scroll of magic mapping {unknown}
 n - a scroll of enchant weapon {unknown}
 o - a scroll of vulnerability {unknown}
 p - a scroll of identify {unknown}
Potions
 d - 2 potions of might
 e - a potion of cancellation {unknown}
 k - 3 potions of haste {unknown}
 l - a potion of mutation {unknown}
 m - a potion of brilliance {unknown}


   Skills:
 - Level 3.0 Fighting
 * Level 3.1 Axes
 - Level 2.6 Armour
 * Level 1.4 Stealth
 + Level 3.2 Shields


You had 3 spell levels left.
You didn't know any spells.
Your spell library contained the following spells:

 Spells                   Type           Power      Damage    Failure   Level
 Magic Dart               Conj           0%         1d3       82%         1
 Sandblast                Erth           0%         2d4       82%         1
 Call Imp                 Summ           0%         N/A       91%         2
 Passwall                 Tmut/Erth      0%         N/A       91%         2
 Mephitic Cloud           Conj/Pois/Air  0%         N/A       99%         3
 Stone Arrow              Conj/Erth      0%         3d7       99%         3


Dungeon Overview and Level Annotations

Branches:
Dungeon (3/15)

Altars:
Ru

Annotations:
D:2 exclusion: downstairs


Innate Abilities, Weirdness & Mutations

A demonic guardian rushes to your aid.
Your touch may inflict minor irresistible damage on your foes.


Message History

You barely miss the orc.
The orc is moderately wounded.
The orc hits you with a +0 club.
You hit the orc.
The orc is heavily wounded.
You barely miss the bat. The bat closely misses you. x2
The orc hits you but does no damage.
You slash the orc!
You kill the orc!
You slash the bat!
You kill the bat!
The orc hits you with a +0 short sword.
You slash the orc!
You kill the orc!
No target in view!
Things that are here:
a +0 short sword; a bat corpse You start resting.
HP restored.
Press: ? - help, v - describe, . - travel A stone staircase leading down.
Placed new exclusion.
Reduced exclusion size to a single square.
Things that are here:
a +0 short sword; a bat corpse
Things that are here:
a +0 club; a +0 leather armour
Things that are here:
a +0 short sword; a bat corpse
Found a club.
No target in view!
You see here a +0 club.
A quokka comes into view.
The quokka barely misses you.
You hit the quokka.
You kill the quokka!
You have reached level 4!
You feel agile.
Your demonic ancestry asserts itself...
Your hands begin to faintly glow with unholy energy.
Are you sure you want to abandon this character and quit the game? (Confirm with "yes".)

...# #..######
...######.........#
..........# #..#
...######.######..#
...# #.......##..#
##.# #.......##..# #.#
#.......##..# #.#
#.........†.#
#.####.......##@#
##....))......##.#####
#.....#.......##.....#
..............######.#
#.._..####.###### #.#
#.....# #......####.#
#.....# ####.......#
##.#..##### #..######
#.........# #..#


There were no monsters in sight!

Vanquished Creatures
  An adder (D:2)
  A worm (D:2)
  2 dart slugs (D:1)
  2 orcs (D:2)
  2 ball pythons (D:1)
  7 bats
  An endoplasm (D:2)
  2 giant cockroaches
  5 goblins (D:1)
  7 hobgoblins
  2 jackals (D:1)
  3 quokkas
  A frilled lizard (D:1)
  4 kobolds
  5 rats
45 creatures vanquished.

Vanquished Creatures (others)
  A fungus (D:1)
1 creature vanquished.

Grand Total: 46 creatures vanquished

Notes
Turn   | Place    | Note
-------+----------+-------------------------------------------
     0 | D:1      | yoda5477 the Demonspawn Fighter began the quest for the
                  | Orb.
     0 | D:1      | Reached XP level 1. HP: 18/18 MP: 1/1
   212 | D:1      | Gained mutation: A weak demonic guardian rushes to your
                  | aid. [demonic ancestry]
   212 | D:1      | Reached XP level 2. HP: 23/24 MP: 2/2
   299 | D:1      | Reached skill level 1 in Stealth
   522 | D:1      | Found a faded altar of an unknown god.
   634 | D:1      | Gained mutation: A demonic guardian rushes to your aid.
                  | [demonic ancestry]
   634 | D:1      | Reached XP level 3. HP: 29/29 MP: 3/3
  1170 | D:2      | Found a sacrificial altar of Ru.
  1849 | D:2      | Gained mutation: Your touch may inflict minor irresistible
                  | damage on your foes. [demonic ancestry]
  1849 | D:2      | Reached XP level 4. HP: 35/35 MP: 4/4
  1849 | D:2      | Quit the game

Illustrated notes

Levels and vault maps discovered:
D:1:      scummos_arrival_star, layout_basic, shapermc_ecumenical_altar_gd
D:2:      layout_loops_ring, basic_altar
D:3:      layout_rooms, nicolae_overflow_quartered_altars

Skill      XL: |  1  2  3 |
---------------+----------+-----
Axes           | 2 3 |  3.1
Stealth        | 1 |  1.4
Shields        | 3 |  3.2
Fighting       | |  3.0
Armour         | |  2.6

Action                   |  1- 3 |  4- 6 || total
-------------------------+-------+-------++-------
Melee: War axe           |   142 |       ||   142
Armor: Scale mail        |    71 |       ||    71
Dodge: Dodged            |    79 |       ||    79
Block: Buckler           |    40 |       ||    40

Table legend: (Time is in decaauts)
 A = Elapsed time spent in this place.
 B = Non-inter-level travel time spent in this place.
 C = Inter-level travel time spent in this place.
 D = Time resting spent in this place.
 E = Time spent auto-exploring this place.
 F = Levels seen in this place.
 G = Mean time per level.
                   A        B        C        D        E       F      G
               +--------+--------+--------+--------+--------+-----+--------+
         Total |   1909 |   1880 |     29 |    337 |   1131 |   3 |  636.3 |
       Dungeon |   1909 |   1880 |     29 |    337 |   1131 |   3 |  636.3 |
               +--------+--------+--------+--------+--------+-----+--------+

Top non-repeatable levels by time:
     D:1: 959 daAuts
     D:2: 946 daAuts
     D:3: 4 daAuts
